Map: Efeméride LE

Players

LowLinK - Winner!

  • Race: Protoss Protoss
  • League: Platinum
  • Spawn Location: 11:00

MAX

  • Race: Terran Terran
  • League: Platinum
  • Spawn Location: 5:00

VOD

Have the link to the VOD?

Description

Time

  • Played on: Feb. 15, 2020, 3:50 p.m.
  • Length: 5:28
Show
View Real Time Build Order
Export as new Build Order

LowLinK Protoss - Winner!

Build Orders:  

Get SALT Encoding   

  12  0:02  Probe  
  13  0:14  Probe  
  13  0:18  Pylon  
  14  0:26  Probe (Chrono Boost)  
  15  0:37  Gateway  
  15  0:38  Probe (Chrono Boost)  
  16  0:47  Probe (Chrono Boost), Assimilator  
  17  0:53  Probe  
  18  0:57  Assimilator  
  18  1:05  Probe  
  19  1:17  Probe  
  19  1:18  Pylon  
  20  1:24  Cybernetics Core  
  20  1:29  Probe  
  21  1:41  Probe  
  22  1:53  Probe, Pylon  
  23  1:54  Warp Gate (Chrono Boost)  
  23  2:12  Gateway  
  23  2:20  Gateway x2  
  23  2:22  Gateway  
  23  2:47  Pylon  
  25  3:01  Sentry (Chrono Boost)  
  25  3:31  Stalker  
  25  3:32  Stalker x4  
  35  3:40  Pylon  
  35  3:53  Stalker  
  35  3:55  Stalker x3  
  41  3:58  Zealot  
  45  4:23  Stalker x3  
  47  4:50  Stalker x3  
  39  5:26  Stalker x2  
Show
View Real Time Build Order
Export as new Build Order

MAX Terran 

Build Orders: Command Center First (CC) 

Get SALT Encoding   

  12  0:01  SCV  
  13  0:13  SCV  
  14  0:18  Supply Depot  
  14  0:25  SCV  
  15  0:39  SCV  
  16  0:51  SCV  
  17  1:02  Command Center  
  17  1:04  SCV  
  18  1:17  Barracks  
  18  1:18  SCV  
  19  1:30  SCV  
  20  1:34  Barracks  
  20  1:44  Barracks  
  21  1:47  SCV  
  21  1:59  SCV  
  22  2:05  Marine  
  23  2:11  Orbital Command  
  23  2:14  Orbital Command  
  23  2:24  Marine x2  
  25  2:31  Bunker  
  25  2:34  Marine  
  26  2:39  Engineering Bay  
  26  2:42  SCV  
  27  2:44  Supply Depot  
  27  2:45  SCV  
  27  2:48  Marine  
  27  2:51  Marine  
  29  2:55  Refinery  
  29  2:56  SCV  
  31  2:59  SCV  
  31  3:03  Marine  
  33  3:07  Marine, Refinery  
  33  3:11  Marine  
  33  3:12  SCV x2  
  37  3:20  Marine  
  37  3:24  SCV  
  39  3:28  Barracks  
  39  3:32  SCV  
  40  3:35  Refinery  
  40  3:38  SCV  
  40  3:41  Barracks Tech Lab  
  41  3:42  Marine x2  
  42  3:52  SCV  
  42  3:53  SCV  
  44  3:59  Bunker  
  44  4:00  Marine x2  
  46  4:05  Refinery  
  46  4:13  SCV  
  46  4:14  SCV  
  46  4:16  Marine  
  46  4:18  Marine  
  46  4:20  Marine  
  46  4:21  Marine  
  45  4:36  Marine x2  
  45  4:38  Marine  
  46  4:39  Marine  
  46  4:42  SCV x2  
  35  4:54  Marine x2, SCV  
  35  4:55  Marine  
  35  4:57  Marine, SCV  
Tags
 
Add a new tag
Caveats
  • Supply blocks, unpowered buildings, or Contaminate may cause inaccurate times.
  • Supply counts are checked every 10 seconds.